 Dungeon Crawl Stone Soup version 0.28.0-53-g5a82cb258f (webtiles) character file.

Game seed: 13510350385496167766

1368 PentaManta the Grappler (level 8, -1/54 HPs)
             Began as an Octopode Fighter on June 15, 2022.
             Slain by a water moccasin (5 damage)
             ... on level 6 of the Dungeon.
             The game lasted 00:13:22 (6043 turns).

PentaManta the Grappler (Octopode Fighter)          Turns: 6043, Time: 00:13:24

Health: -1/54      AC:  1    Str: 15    XL:     8   Next: 65%
Magic:  8/8        EV: 14    Int: 18    God:
Gold:   196        SH:  5    Dex: 12    Spells: 2/7 levels left

rFire   + . .      SeeInvis .     - Unarmed
rCold   + . .      Faith    .   a - +0 buckler
rNeg    . . .      Spirit   .   (helmet restricted)
rPois   +          Reflect  .   (no amulet)
rElec   +          Harm     .   j - ring of willpower
rCorr   +          Rampage  .   q - +6 ring of intelligence
Will    +....                   (no ring)
Stlth   ++........              (no ring)
HPRegen 0.18/turn               (no ring)
MPRegen 0.11/turn               (no ring)
                                (no ring)
                                (no ring)

@: resistant
A: almost no armour, amphibious, 8 rings, camouflage 1, gelatinous body 1,
(nimble swimmer 1), tentacles
a: no special abilities


You were on level 6 of the Dungeon.
You visited 1 branch of the dungeon, and saw 6 of its levels.
You also visited: Sewer.

You collected 196 gold pieces.

Inventory:

Hand Weapons
 h - a +3 dagger of venom
Missiles
 f - 23 poisoned darts (quivered)
Armour
 a - a +0 buckler (worn)
Jewellery
 j - a ring of willpower (left tentacle)
 q - a +6 ring of intelligence (right tentacle)
Wands
 p - a wand of charming (4)
Scrolls
 g - 2 scrolls of teleportation
 k - 2 scrolls of enchant weapon
 m - a scroll of fog
Potions
 b - a potion of might
 c - a potion of cancellation
 e - a potion of heal wounds
 i - a potion of degeneration {unknown}
 l - a potion of ambrosia {unknown}
 n - a potion of invisibility {unknown}
 o - a potion of curing {unknown}
 r - 2 potions of flight


   Skills:
 - Level 4.0 Fighting
 + Level 4.8 Dodging
 - Level 4.0 Shields
 - Level 8.0 Unarmed Combat
 - Level 4.0 Air Magic


You had 2 spell levels left.
You knew the following spells:

 Your Spells              Type           Power      Damage    Failure   Level
a - Swiftness             Air            14%        N/A       16%         3
b - Passwall              Tmut/Erth      0%         N/A       38%         2

Your spell library contained the following spells:

 Spells                   Type           Power      Damage    Failure   Level
 Magic Dart               Conj           0%         1d3       28%         1
 Ensorcelled Hibernation  Hex/Ice        0%         N/A       38%         2
 Searing Ray              Conj           0%         2d4       38%         2
 Fulminant Prism          Conj/Hex       0%         3d6       95%         4


Dungeon Overview and Level Annotations

Branches:
Dungeon (6/15)              Sewer (visited)
 Temple: D:4-7

Altars:
Zin

Shops:
D:1 (   D:2 [=(

Annotations:
D:5 Menkaure
D:6 1 exclusion


Innate Abilities, Weirdness & Mutations

You cannot wear most types of armour.
You are amphibious.
You can wear up to eight rings at the same time.
Your skin changes colour to match your surroundings (Stealth+).
Your rubbery body absorbs attacks. (AC +1, EV +1)
((You are camouflaged when in or above water. (Stealth+)))
You have tentacles for arms and can constrict up to eight enemies at once.


Message History

Found a stone staircase leading down.
Found a quarterstaff.
Found a stone staircase leading down.
Found a blackened gold wand.
Found a whip.
You hear the brisk hiss of an avalanche of sand.
There is a stone staircase leading down here.
An adder and a water moccasin come into view.
The water moccasin hisses angrily.
Unknown command.
There is a stone staircase leading down here.
Okay, then.
The water moccasin bites you.
You tentacle-slap the water moccasin but do no damage.
Your grab misses the water moccasin. The water moccasin bites you!
* * * LOW HITPOINT WARNING * * *
You closely miss the water moccasin. You grab the water moccasin.
You constrict the water moccasin. The water moccasin closely misses you.
You tentacle-slap the water moccasin but do no damage.
The water moccasin is lightly wounded.
You constrict the water moccasin. The water moccasin bites you!
* * * LOW HITPOINT WARNING * * *
You barely miss the water moccasin.
The water moccasin is lightly wounded.
You constrict the water moccasin. The water moccasin closely misses you.
The water moccasin misses you.
Okay, then.
There's nothing to close nearby.
Aiming: Charm
Press: ? - help, Shift-Dir - straight line, f - water moccasin
Aim: a water moccasin (lightly wounded, constricted by you, chance to affect: 49%)
The water moccasin resists with some effort.
You constrict the water moccasin. The water moccasin bites you.
* * * LOW HITPOINT WARNING * * *
Aiming: Charm
Press: ? - help, Shift-Dir - straight line, f/p - water moccasin
Aim: a water moccasin (moderately wounded, constricted by you, chance to affect: 49%)
The water moccasin resists with some effort.
You constrict the water moccasin. The water moccasin bites you.
You die...

..#.. .... .... ##..
##..# # ##...#
#...#)...#
#.../.S###########
#.....#@.........#
#.......#.########.##
###.#####.#
######..###.## # #..
.............. #.#
#######.###.## #.#
#..##... #.# ##.##..)
#.# #..#... ##.#.##


You could see a water moccasin.

Vanquished Creatures
  An ice beast (D:6)
  3 kobold brigands (Sewer)
  The ghost of Cykl0x the Digger, an amateur GrEE (D:3)
  3 scorpions (D:6)
  2 bullfrogs (D:6)
  5 jellies
  A centaur zombie (D:5)
  2 orc priests
  Crazy Yiuf (D:4)
  A hound (D:6)
  An iguana (D:5)
  A hound skeleton (D:4)
  15 gnolls
  A howler monkey skeleton (D:3)
  5 river rats
  8 adders
  An adder skeleton (D:5)
  A worm (Sewer)
  4 dart slugs
  6 orcs
  10 endoplasms
  3 giant cockroaches
  2 goblins
  3 hobgoblins (D:3)
  15 kobolds
  2 quokkas
  9 ball pythons
  2 bats
  6 frilled lizards
  7 rats
122 creatures vanquished.

Notes
Turn   | Place    | Note
-------+----------+-------------------------------------------
     0 | D:1      | PentaManta the Octopode Fighter began the quest for the
                  | Orb.
     0 | D:1      | Reached XP level 1. HP: 16/16 MP: 1/1
    60 | D:1      | Found Ruitz's Weapon Boutique.
   340 | D:1      | Found a faded altar of an unknown god.
   343 | D:1      | Reached XP level 2. HP: 21/21 MP: 2/2
   768 | D:2      | Reached skill level 3 in Unarmed Combat
   921 | D:2      | Found Mixad's Jewellery Boutique.
   974 | D:2      | Found Upuxyath's Armour Boutique.
   980 | D:2      | Reached XP level 3. HP: 12/26 MP: 3/3
  1352 | D:3      | Found a large runed translucent door.
  1352 | D:3      | Found a large runed translucent door.
  1488 | D:3      | Reached skill level 4 in Unarmed Combat
  1680 | D:3      | Reached XP level 4. HP: 30/31 MP: 4/4
  1715 | D:3      | Found a glowing drain.
  1720 | Sewer    | Entered a sewer
  2045 | Sewer    | Noticed a kobold brigand
  2069 | Sewer    | Killed a kobold brigand
  2070 | Sewer    | Reached skill level 5 in Unarmed Combat
  2070 | Sewer    | Reached XP level 5. HP: 21/36 MP: 5/5
  2213 | Sewer    | Noticed a kobold brigand
  2226 | Sewer    | Killed a kobold brigand
  2227 | Sewer    | Reached skill level 6 in Unarmed Combat
  2227 | Sewer    | Reached XP level 6. HP: 32/42 MP: 6/6
  3007 | D:4      | Reached skill level 7 in Unarmed Combat
  3178 | D:2      | Reached XP level 7. HP: 43/46 MP: 7/7
  3316 | D:2      | Found Orchafi's Weapon Shop.
  3855 | D:3      | Learned a level 3 spell: Swiftness
  3858 | D:3      | Learned a level 2 spell: Passwall
  3903 | D:3      | Noticed Cykl0x's ghost (amateur GrEE)
  4004 | D:3      | Killed Cykl0x's ghost
  4383 | D:4      | Reached skill level 8 in Unarmed Combat
  4693 | D:4      | Found a runed translucent door.
  4694 | D:4      | Noticed Crazy Yiuf
  4813 | D:4      | Reached skill level 1 in Air Magic
  5114 | D:4      | Killed Crazy Yiuf
  5291 | D:5      | Entered Level 5 of the Dungeon
  5534 | D:5      | Reached XP level 8. HP: 43/53 MP: 8/8
  5619 | D:5      | Noticed Menkaure
  5982 | D:6      | Found a glowing silver altar of Zin.
  6043 | D:6      | Slain by a water moccasin

Illustrated notes

Levels and vault maps discovered:
D:1:      saegor_arrival_simple_d, layout_loops_cross, serial_shops,
          nicolae_shop_hallway_plus, shapermc_ecumenical_altar_acropolis
D:2:      layout_loops_cross, serial_shops, shop, nicolae_shop_crystal, shop
D:3:      layout_rooms, ebering_ghost_disaster_area, gup_sewer_entry_spiral,
          grunt_ministairs_14
D:4:      layout_rooms, grunt_decor_junction, uniq_crazy_yiuf_cottage
D:5:      layout_rooms, eat_drink_and_be_merry_uskayaw, uniq_menkaure
D:6:      layout_basic, zin_scriptorium, slow_altar_2, enter_ossuary_5

Skill      XL: |  1  2  3  4  5  6  7  8 |
---------------+-------------------------+-----
Unarmed Combat | 3 4 5 6 7 8 |  8.0
Air Magic      | 1 4 |  4.0
Fighting       | 4 |  4.0
Dodging        | 4 |  4.8
Shields        | 4 |  4.0

Action                   |  1- 3 |  4- 6 |  7- 9 || total
-------------------------+-------+-------+-------++-------
Melee: Unarmed           |    63 |    99 |   153 ||   315
       Constrict         |    17 |    21 |    33 ||    71
       Tentacles         |     8 |    20 |    32 ||    60
       Punch             |     4 |     2 |    18 ||    24
Throw: Dart              |       |       |     5 ||     5
Evoke: Wand              |       |       |     2 ||     2
  Use: Scroll            |       |       |     8 ||     8
       Potion            |       |       |     2 ||     2
 Stab: Sleeping          |     7 |     9 |     5 ||    21
       Distracted        |       |     1 |     1 ||     2
Armor: Skin              |     3 |     1 |     6 ||    10
Dodge: Dodged            |    27 |    37 |    79 ||   143
Block: Buckler           |     8 |    21 |    30 ||    59
